 Dungeon Crawl Stone Soup version 0.20-a0-550-gf70bbbc (webtiles) character file.

196 TuxedoFelix the Covered (level 5, -5/42 HPs)
             Began as a Barachian Fighter on Feb 2, 2017.
             Killed from afar by an orc wizard (9 damage)
             ... with a magic dart
             ... on level 4 of the Dungeon.
             The game lasted 00:14:01 (3494 turns).

TuxedoFelix the Covered (Barachian Fighter)         Turns: 3494, Time: 00:14:02

Health: -5/42      AC:  6    Str: 15    XL:     5   Next: 75%
Magic:  5/5        EV:  8    Int:  7    God:
Gold:   105        SH:  8    Dex: 10    Spells: 4/4 levels left

rFire    . . .     SeeInvis .   a - +0 long sword
rCold    . . .     Gourm    .   j - +0 ring mail {rPois}
rNeg     . . .     Faith    .   c - +0 shield
rPois    +         Spirit   .   (no helmet)
rElec    .         Reflect  .   (no cloak)
rCorr    .         Harm     .   (no gloves)
MR       .....                  (no boots)
Stlth    +.........             (no amulet)
Regen    0.2/turn               (no ring)
                                (no ring)

@: slow
A: swims, slowness 1, strong legs 1
a: Hop


You were on level 4 of the Dungeon.
You were not hungry.

You visited 1 branch of the dungeon, and saw 4 of its levels.

You collected 105 gold pieces.

Inventory:

Hand Weapons
 a - a +0 long sword (weapon)
Armour
 c - a +0 shield (worn)
 j - a +0 ring mail of poison resistance (worn)
Jewellery
 p - a +3 ring of strength {unknown}
Scrolls
 d - a scroll of immolation {unknown}
 e - a scroll of recharging {unknown}
 k - 5 scrolls of remove curse {unknown}
 m - a scroll of teleportation {unknown}
 q - 3 scrolls of blinking {unknown}
Potions
 h - a potion of heal wounds {unknown}
 i - 2 potions of haste {unknown}
 l - a potion of flight {unknown}
 o - a potion of magic {unknown}
Comestibles
 b - 4 chunks of flesh
 f - a bread ration
 g - 5 fruits


   Skills:
 + Level 4.1 Fighting
 + Level 3.5 Long Blades
 + Level 4.4 Armour
 + Level 2.2 Stealth
 + Level 3.6 Shields


You had 4 spell levels left.
You didn't know any spells.

Dungeon Overview and Level Annotations

Branches:
Dungeon (4/15)
 Temple: D:4-7

Altars:
Trog


Innate Abilities, Weirdness & Mutations

You can swim through water.
You cover ground slowly.
You can hop short distances.


Message History

You hear some strange, mumbled words.
A puff of flame appears from out of thin air!
You block the puff of flame.
An orc wizard appears from thin air!
Reactivating autopickup.
The orc wizard casts a cantrip, but nothing happens.
The orc wizard mumbles some strange words.
The orc wizard flickers and vanishes!
Deactivating autopickup; reactivate with Ctrl-A.
A magic dart appears from out of thin air!
The magic dart hits you!
* * * LOW HITPOINT WARNING * * *
A puff of flame appears from out of thin air!
The puff of flame hits you!
* * * LOW HITPOINT WARNING * * *
A puff of frost appears from out of thin air!
The puff of frost misses you.
A magic dart appears from out of thin air!
The magic dart hits you!
You die...

#.# #.# #.#
#####.###.#####
#o####...............
#o##........###.#####
#.##.######.# #.#####
#{##.##...#.# #.#....
#.##.##...#.# #.#....
#.##.##...#.###.#.##.
#...@.'..............
####.##.....#####.##.
#.................
#######...........
#'#####.#### ... # #
....# .....# ......#


There were no monsters in sight!

Vanquished Creatures
  Jessica (D:3)
  A worker ant (D:3)
  5 adders
  2 oozes
  5 worms
  2 dart slugs (D:2)
  7 leopard geckos
  An orc (D:4)
  5 giant cockroaches
  7 hobgoblins
  A quokka (D:4)
  A ball python (D:2)
  5 bats
  4 frilled lizards
  6 goblins
  6 kobolds
  18 rats
77 creatures vanquished.

Vanquished Creatures (others)
  2 fungi (D:3)
2 creatures vanquished.

Grand Total: 79 creatures vanquished

Notes
Turn   | Place    | Note
-------+----------+-------------------------------------------
     0 | D:1      | TuxedoFelix the Barachian Fighter began the quest for the Orb.
     0 | D:1      | Reached XP level 1. HP: 18/18 MP: 1/1
   151 | D:1      | Reached XP level 2. HP: 24/24 MP: 2/2
   507 | D:1      | Reached XP level 3. HP: 20/29 MP: 3/3
   856 | D:2      | Reached skill level 1 in Stealth
  1103 | D:2      | Found a bloodstained altar of Trog.
  1160 | D:2      | Reached XP level 4. HP: 34/37 MP: 4/4
  2302 | D:3      | Noticed Jessica
  2322 | D:3      | Killed Jessica
  2322 | D:3      | Reached XP level 5. HP: 24/42 MP: 5/5
  3494 | D:4      | Killed from afar by an orc wizard

Vault maps used:
D:1:      erik_arrival_orb_chamber, minmay_misc_feat_cross,
          minmay_misc_feat_rows
D:2:      trog_three_pillars_becter
D:3:      gup_sewer_entry_bubbles, uniq_jessica, uniq_crazy_yiuf_cottage
D:4:      first_bread, serial_shops, nicolae_shop_trees

Skill      XL: |  1  2  3  4 |
---------------+-------------+-----
Stealth        | 1 2 |  2.2
Long Blades    | 3 |  3.5
Armour         | 4 |  4.4
Fighting       | 4 |  4.1
Shields        | |  3.6

Action                   |  1- 3 |  4- 6 || total
-------------------------+-------+-------++-------
Melee: Long sword        |   108 |   176 ||   284
  Use: Potion            |       |     1 ||     1
  Eat: Chunk             |     1 |     2 ||     3
       Fruit             |     1 |       ||     1
       Bread ration      |       |     1 ||     1
       Meat ration       |       |     1 ||     1
Armor: Scale mail        |    34 |       ||    34
       Ring mail         |    23 |    62 ||    85
Dodge: Dodged            |    39 |    65 ||   104
Block: Shield            |    56 |   102 ||   158
       Rpst.: Long sword |    19 |    23 ||    42
